 Dungeon Crawl Stone Soup version 0.31-a0-496-g6f97920a28 (webtiles) character file.

Game seed: 452516453648839803

160 AstroCodex24 the Trooper (level 5, -6/41 HPs)
             Began as a Vampire Fighter on Aug 8, 2023.
             Mangled by a black bear (8 damage)
             ... on level 4 of the Dungeon.
             The game lasted 00:04:11 (998 turns).

AstroCodex24 the Trooper (Vampire Fighter)           Turns: 998, Time: 00:04:13

Health: -6/41      AC:  6    Str: 17    XL:     5   Next: 17%
Magic:  5/5        EV:  9    Int: 11    God:
Gold:   51         SH:  4    Dex: 13    Spells: 4/4 levels left

rFire   . . .        a - +0 war axe
rCold   . . .        c - +0 buckler
rNeg    . . .        b - +0 scale mail
rPois   .            (no helmet)
rElec   .            (no cloak)
rCorr   .            (no gloves)
SInv    +            (no boots)
Will    .....        (no amulet) Stlth
                     (no ring)
HPRegen 0.46/turn    (no ring)
MPRegen 0.09/turn

%: no passive effects
@: healing quickly
A: alive, fangs 3, see invisible, vampiric 2
a: Exsanguinate


You were on level 4 of the Dungeon.
You visited 1 branch of the dungeon, and saw 4 of its levels.

You collected 51 gold pieces.

Inventory:

Hand Weapons
 a - a +0 war axe (weapon)
Armour
 b - a +0 scale mail (worn)
 c - a +0 buckler (worn)
 l - a +0 cloak
Scrolls
 e - a scroll of fog {unknown}
 f - a scroll of teleportation {unknown}
 g - 2 scrolls of enchant weapon {unknown}
 h - a scroll of brand weapon {unknown}
 i - a scroll of vulnerability {unknown}
 j - a scroll of immolation {unknown}
 k - 2 scrolls of identify {unknown}
Potions
 d - a potion of might
 m - a potion of heal wounds {unknown}


   Skills:
 + Level 3.3 Fighting
 + Level 3.0 Axes
 + Level 3.3 Armour
 + Level 1.2 Dodging
 + Level 3.2 Shields


You had 4 spell levels left.
You didn't know any spells.
Your spell library was empty.

Dungeon Overview and Level Annotations

Branches:
Dungeon (4/15)
 Temple: D:4-7

Altars:

Annotations:
D:3 3 runed translucent doors, AstroCodex24's ghost, weakling DgFi


Innate Abilities, Weirdness & Mutations

Your natural rate of healing is accelerated.
You have razor-sharp teeth.
You have supernaturally acute eyesight. (SInv)
You are afflicted with vampirism and can become a bat while bloodless.


Message History

The black bear claws you but does no damage. x2
You hit the black bear.
The black bear is moderately wounded.
The black bear bites you. The black bear barely misses you.
You block the black bear's attack.
You completely miss the black bear. You bite the black bear.
The black bear is heavily wounded.
The black bear bites you.
The black bear claws you but does no damage. x2
You barely miss the black bear. Your bite misses the black bear.
The black bear is heavily wounded.
The black bear misses you. The black bear closely misses you.
The black bear claws you.
The black bear bites you but does no damage.
The black bear barely misses you. You block the black bear's attack.
You slash the black bear!
The black bear is almost dead.
The black bear goes berserk!
You closely miss the black bear.
The black bear is almost dead.
The black bear bites you. The black bear claws you.
The black bear claws you but does no damage.
The black bear bites you! The black bear closely misses you.
The black bear claws you but does no damage.
You hit the black bear.
The black bear is almost dead.
The black bear closely misses you. The black bear claws you.
* * * LOW HITPOINT WARNING * * *
The black bear closely misses you. The black bear barely misses you.
The black bear claws you.
* * * LOW HITPOINT WARNING * * *
The black bear closely misses you.
You barely miss the black bear.
The black bear is almost dead.
The black bear bites you.
* * * LOW HITPOINT WARNING * * *
You block the black bear's attack. The black bear claws you.
* * * LOW HITPOINT WARNING * * *
The black bear bites you!
You die...

#..........#.#
#... .>.........
.#....#.........#.
......#...........
#....)..........
..###.#)##........
......#)..........
###..h.)........
.####..@.<........
........†........)
..................
#.................
..#.#...........##
....#.............
... #.#...........
:. ....##........
##.... .....


You could see a black bear (berserk).

Vanquished Creatures
  A scorpion (D:4)
  7 adders
  4 orcs
  3 endoplasms
  4 giant cockroaches
  4 goblins
  2 hobgoblins
  3 kobolds
  2 quokkas
  3 ball pythons
  A frilled lizard (D:2)
  4 rats
38 creatures vanquished.

Notes
Turn   | Place    | Note
-------+----------+-------------------------------------------
     0 | D:1      | AstroCodex24 the Vampire Fighter began the quest for the
                  | Orb.
     0 | D:1      | Reached XP level 1. HP: 17/17 MP: 1/1
    15 | D:2      | Reached XP level 2. HP: 20/23 MP: 2/2
   403 | D:2      | Gained mutation: You are afflicted with vampirism and can
                  | become a bat while bloodless. [Vampire growth]
   403 | D:2      | Reached XP level 3. HP: 29/29 MP: 3/3
   602 | D:3      | Found a runed translucent gate.
   602 | D:3      | Noticed AstroCodex24's ghost (weakling DgFi)
   603 | D:3      | Found a runed translucent gate.
   605 | D:3      | Found a runed translucent gate.
   607 | D:3      | Identified the +0 scale mail "Isaawkim" {rF+ rN+ Dex+3}
   666 | D:3      | HP: 1/29 [poisoned by an adder]
   683 | D:3      | HP: 1/29 [adder (3)]
   691 | D:3      | Reached XP level 4. HP: 7/35 MP: 4/4
   804 | D:3      | Reached skill level 1 in Dodging
   862 | D:4      | Noticed a scorpion
   869 | D:4      | Killed a scorpion
   870 | D:4      | Reached XP level 5. HP: 27/41 MP: 5/5
   979 | D:4      | Noticed a black bear
   998 | D:4      | HP: 2/41 [black bear (3)]
   998 | D:4      | Mangled by a black bear

Illustrated notes

Levels and vault maps discovered:
D:1:      dpeg_arrival_simpleton_b, layout_loops_corners, minmay_distorted
D:2:      layout_loops_ring, hellmonk_ecumenical_altar_crossroads,
          minmay_crystal_room, cheibrodos_gnoll_hut
D:3:      layout_basic, biasface_ghost_orc_armoury, saegor_snake_ambush
D:4:      layout_basic, slow_altar_2, trog_ov_bears_minmay,
          gammafunk_ghost_gnarly_gnolls, nicolae_shop_clearance

Skill      XL: |  1  2  3  4  5 |
---------------+----------------+-----
Axes           | 2 3 |  3.0
Fighting       | 3 |  3.3
Shields        | 3 |  3.2
Armour         | 3 |  3.3
Dodging        | 1 |  1.2

Action                     |  1- 3 |  4- 6 || total
---------------------------+-------+-------++-------
  Melee: War axe           |   209 |    40 ||   249
         Bite              |    36 |     4 ||    40
 Armour: Scale mail        |    72 |    33 ||   105
  Dodge: Dodged            |    81 |    33 ||   114
  Block: Buckler           |    21 |    12 ||    33

Table legend: (Time is in decaauts)
 A = Elapsed time spent in this place.
 B = Non-inter-level travel time spent in this place.
 C = Inter-level travel time spent in this place.
 D = Time resting spent in this place.
 E = Time spent auto-exploring this place.
 F = Levels seen in this place.
 G = Mean time per level.
                   A        B        C        D        E       F      G
               +--------+--------+--------+--------+--------+-----+--------+
         Total |   1113 |   1094 |     19 |      0 |      0 |   4 |  278.2 |
       Dungeon |   1113 |   1094 |     19 |      0 |      0 |   4 |  278.2 |
               +--------+--------+--------+--------+--------+-----+--------+

Top non-repeatable levels by time:
     D:3: 415 daAuts
     D:2: 391 daAuts
     D:1: 248 daAuts
     D:4: 58 daAuts
